 Dungeon Crawl Stone Soup version 0.23-a0-635-g88ca12a (webtiles) character file.

11242 TheGoonsmith the Cleaver (level 12, -3/94 HPs)
             Began as a Formicid Fighter on Dec 27, 2018.
             Was a Follower of Uskayaw.
             Killed from afar by Think's ghost (10 damage)
             ... with a spray of energy
             ... on level 10 of the Dungeon.
             The game lasted 00:24:39 (10055 turns).

TheGoonsmith the Cleaver (Formicid Fighter)        Turns: 10055, Time: 00:24:40

Health: -3/94      AC: 17    Str: 23    XL:     12   Next: 5%
Magic:  17/17      EV: 12    Int: 10    God:    Uskayaw [*.....]
Gold:   601        SH: 13    Dex: 20    Spells: 11/11 levels left

rFire    . . .     SeeInvis +   n - +4 battleaxe (drain)
rCold    . . .     Gourm    .   c - +1 shield
rNeg     . . .     Faith    .   y - +0 plate armour
rPois    .         Spirit   .   (helmet unavailable)
rElec    .         Reflect  .   q - +2 cloak {+Inv}
rCorr    .         Harm     .   m - +0 pair of gloves
MR       +....                  (no boots)
Stlth    ..........             (no amulet)
HPRegen  0.25/turn              z - +4 ring of dexterity
MPRegen  0.15/turn              (no ring)

@: agile
A: permanent stasis, dig shafts and tunnels, four strong arms, antennae 3
a: Dig, Shaft Self, Stomp, Renounce Religion, Evoke Invisibility


You were on level 10 of the Dungeon.
You worshipped Uskayaw.
Uskayaw was noncommittal.
You were not hungry.

You visited 1 branch of the dungeon, and saw 10 of its levels.

You collected 601 gold pieces.

Inventory:

Hand Weapons
 a - a +0 war axe
 n - a +4 battleaxe of draining (weapon)
Missiles
 j - 114 bolts
Armour
 b - a +0 scale mail
 c - a +1 shield (worn)
 h - a +0 chain mail
 m - a +0 pair of gloves (worn)
 q - a +2 cloak of invisibility (worn)
 y - a +0 plate armour (worn)
Jewellery
 z - a +4 ring of dexterity (left hand)
Wands
 o - a wand of scattershot (6)
 s - a wand of acid (11)
 x - a wand of enslavement (15)
 A - a wand of disintegration (14)
Scrolls
 i - 2 scrolls of fog
 k - 3 scrolls of amnesia
 l - 8 scrolls of remove curse
 w - a scroll of brand weapon
Potions
 d - 3 potions of might
 e - a potion of resistance
 g - a potion of cancellation
 p - 3 potions of degeneration
 r - 3 potions of magic
 t - 3 potions of agility
Comestibles
 f - 22 rations


   Skills:
 + Level 8.4 Fighting
 * Level 12.4 Axes
 + Level 5.6 Armour
 + Level 1.7 Dodging
 - Level 9.0 Shields
 + Level 6.9 Invocations
 + Level 5.6 Evocations


You had 11 spell levels left.
You didn't know any spells.
Your spell library contained the following spells:

 Spells                   Type           Power        Failure   Level  Hunger
 Cause Fear               Hex            #.........   100%        4    #####..
 Silence                  Hex/Air        #.........   100%        5    ######.
 Yara's Violent Unravell  Hex/Tmut       #.........   100%        5    ######.
 Deflect Missiles         Chrm/Air       #.........   100%        6    #######
 Discord                  Hex            #.........   100%        8    #######


Dungeon Overview and Level Annotations

Branches:
Dungeon (10/15)            Temple (0/1) D:6            Lair (0/6) D:9
    Orc: D:9-12

Altars:
Elyvilon
Fedhas
Hepliaklqana
Kikubaaqudgha
Ru
Trog
Uskayaw
Wu Jian
Xom
Zin

Shops:
D:9 :   D:10 [%(

Annotations:
D:10 Think's ghost, novice GnMo


Innate Abilities, Weirdness & Mutations

You cannot be hasted, slowed, berserked, paralysed or teleported.
You can dig through walls and to a lower floor.
Your four strong arms can wield two-handed weapons with a shield.
You have a pair of large antennae on your head. (SInv)


Message History

You feel a little less mighty now. Think's ghost hits you!
You closely miss Think's ghost.
Think's ghost is heavily damaged.
Think's ghost hits you but does no damage.
You're too confused to move!
Think's ghost hits you but does no damage.
You bump into the translucent stone wall.
Think's ghost hits you!
* * * LOW HITPOINT WARNING * * *
You're too confused!
Think's ghost casts a spell at you. The spray of energy hits you!
* * * LOW HITPOINT WARNING * * *
There is a large open door here.
You feel less confused.
You see here 19 gold pieces.
Think's ghost casts a spell at you. The spray of energy hits you!
You die...

...........).####.....####.##..##
###...)).....# #####......##..'∩
#....).....# #....######..##
#..........# #######>######....
######.#######..####...........
##.######≈#..#.#########...
####......##.≈⌠.#.####........
####.....#####.:≈..'.(##..#######
....P........##.@#≈'.....##
.P≈≈≈P#.######≈..$W#.#####
P≈≈≈≈≈..# ###≈..#.# .≈≈≈♣≈..#
#^##≈### ≈.≈≈≈...# ## ###
.≈≈≈≈≈P.# ≈≈≈≈P≈..# ≈≈≈≈≈...#
≈.≈♣≈≈P.#


You could see Think's ghost.

Vanquished Creatures
  2 two-headed ogres (D:9)
  An unseen horror (D:10)
  A deep elf mage (D:10)
  A merfolk (D:10)
  A hornet (D:10)
  Grinder (D:6)
  4 hippogriffs (D:10)
  7 yaks
  A human (D:10)
  A hungry ghost (D:9)
  Menkaure (D:7)
  A water moccasin (D:9)
  Edmund (D:6)
  2 porcupines (D:9)
  5 orc warriors
  4 black bears (D:9)
  4 ice beasts
  2 sky beasts
  An eye of draining (D:10)
  4 ogres
  2 phantoms (D:6)
  4 centaurs
  2 crocodiles (D:9)
  Blork the orc (D:4)
  12 bullfrogs
  A gnoll sergeant (D:7)
  3 scorpions
  9 killer bees (D:9)
  A howler monkey (D:5)
  2 electric eels
  2 crimson imps
  A bullfrog zombie (D:9)
  A centaur zombie (D:9)
  2 quasits
  7 orc priests
  2 bullfrog skeletons
  2 gnoll shamans
  Crazy Yiuf (D:4)
  A hound (D:4)
  2 jellies
  2 centaur skeletons
  Ijyb (D:4)
  5 iguanas
  14 orc wizards
  12 worker ants
  A hound zombie (D:5)
  19 gnolls
  11 adders
  3 shadow imps
  2 adder zombies (D:5)
  4 worms
  2 dart slugs
  5 leopard geckos
  42 orcs
  3 ball pythons
  5 bat zombies (D:6)
  3 giant cockroaches
  13 goblins
  9 hobgoblins
  8 jackals
  6 quokkas
  12 bats
  5 frilled lizards
  11 kobolds
  A leopard gecko skeleton (D:7)
  A leopard gecko zombie (D:7)
  2 quokka skeletons (D:4)
  8 rats
  A rat zombie (D:6)
  A fungus (D:9)
  A plant (D:9)
316 creatures vanquished.

Vanquished Creatures (others)
  An orc (D:10)
  46 fungi (D:9)
  33 plants (D:9)
80 creatures vanquished.

Grand Total: 396 creatures vanquished

Notes
Turn   | Place    | Note
-------+----------+-------------------------------------------
     0 | D:1      | TheGoonsmith the Formicid Fighter began the quest for the
                  | Orb.
     0 | D:1      | Reached XP level 1. HP: 18/18 MP: 1/1
    31 | D:1      | Reached XP level 2. HP: 16/24 MP: 2/2
   268 | D:1      | Reached XP level 3. HP: 27/29 MP: 3/3
   792 | D:2      | Reached XP level 4. HP: 37/37 MP: 4/4
  1054 | D:2      | Reached skill level 3 in Axes
  1767 | D:3      | Reached XP level 5. HP: 39/42 MP: 5/5
  1855 | D:3      | Found an ornate altar of the Wu Jian Council.
  1861 | D:3      | Found a blossoming altar of Fedhas.
  1861 | D:3      | Found a glowing silver altar of Zin.
  2611 | D:4      | Noticed Ijyb
  2629 | D:4      | Reached XP level 6. HP: 30/48 MP: 6/6
  2630 | D:4      | Reached skill level 4 in Axes
  2639 | D:4      | Killed Ijyb
  2766 | D:4      | Found a hazy altar of Hepliaklqana.
  2766 | D:4      | Found a sacrificial altar of Ru.
  2771 | D:4      | Found a faded altar of an unknown god.
  2773 | D:4      | Found a hide-covered altar of Uskayaw.
  2775 | D:4      | Found a faded altar of an unknown god.
  2780 | D:4      | Became a worshipper of Uskayaw the Reveler
  2838 | D:4      | Reached * piety under Uskayaw
  2841 | D:4      | Reached ** piety under Uskayaw
  2845 | D:4      | Reached skill level 5 in Shields
  2845 | D:4      | Reached *** piety under Uskayaw
  3103 | D:4      | Reached XP level 7. HP: 55/55 MP: 7/7
  3374 | D:4      | Found a runed door.
  3455 | D:4      | Noticed Blork the orc
  3465 | D:4      | Killed Blork the orc
  3835 | D:4      | Reached skill level 5 in Axes
  3911 | D:4      | Noticed Crazy Yiuf
  3914 | D:4      | Killed Crazy Yiuf
  4106 | D:5      | Entered Level 5 of the Dungeon
  4154 | D:5      | Reached skill level 5 in Fighting
  4154 | D:5      | Reached skill level 5 in Armour
  4164 | D:5      | Reached **** piety under Uskayaw
  4227 | D:5      | Reached XP level 8. HP: 54/62 MP: 8/8
  4291 | D:5      | Reached skill level 6 in Axes
  4701 | D:5      | Found a shimmering altar of Xom.
  4768 | D:6      | Reached skill level 7 in Axes
  4862 | D:6      | Noticed Grinder
  5061 | D:6      | Killed Grinder
  5061 | D:6      | Reached XP level 9. HP: 59/68 MP: 9/9
  5220 | D:6      | Reached skill level 8 in Axes
  5220 | D:6      | Reached skill level 1 in Evocations
  5454 | D:6      | Found a staircase to the Ecumenical Temple.
  5543 | D:6      | Noticed Edmund
  5552 | D:6      | Killed Edmund
  5706 | D:6      | Found an ancient bone altar of Kikubaaqudgha.
  5952 | D:7      | Found a white marble altar of Elyvilon.
  6017 | D:7      | Noticed Menkaure
  6019 | D:7      | Killed Menkaure
  6029 | D:7      | Reached ***** piety under Uskayaw
  6095 | D:7      | Reached skill level 5 in Evocations
  6160 | D:7      | Reached skill level 1 in Invocations
  6876 | D:8      | Reached XP level 10. HP: 72/74 MP: 13/13
  7324 | D:8      | Found an opulent altar of Gozag.
  7326 | D:8      | Found an ancient bone altar of Kikubaaqudgha.
  7326 | D:8      | Found a hazy altar of Hepliaklqana.
  7329 | D:8      | Found a sacrificial altar of Ru.
  7329 | D:8      | Found a shimmering altar of Xom.
  7329 | D:8      | Found a bloodstained altar of Trog.
  7396 | D:9      | Reached skill level 9 in Axes
  7442 | D:9      | Reached skill level 5 in Invocations
  7489 | D:9      | Noticed a two-headed ogre
  7501 | D:9      | Killed a two-headed ogre
  7837 | D:9      | Reached skill level 10 in Axes
  7864 | D:9      | Reached ****** piety under Uskayaw
  8131 | D:9      | Noticed a two-headed ogre
  8137 | D:9      | Killed a two-headed ogre
  8137 | D:9      | Reached XP level 11. HP: 70/83 MP: 15/15
  8228 | D:9      | Reached skill level 11 in Axes
  8230 | D:9      | Found Fiown's Book Boutique.
  8281 | D:9      | Found a staircase to the Lair.
  8676 | D:10     | Entered Level 10 of the Dungeon
  8708 | D:10     | Found Peminys's Armour Boutique.
  8918 | D:10     | Reached skill level 12 in Axes
  9163 | D:10     | Noticed a deep elf mage
  9172 | D:10     | Killed a deep elf mage
  9175 | D:10     | Reached skill level 1 in Dodging
  9580 | D:10     | Found Toecrath's Food Shop.
  9704 | D:10     | Noticed an unseen horror
  9709 | D:10     | Killed an unseen horror
  9709 | D:10     | Reached XP level 12. HP: 87/94 MP: 17/17
  9745 | D:10     | Found Gamoqu's Weapon Shoppe.
  9973 | D:10     | Found a large runed door.
  9974 | D:10     | Found a large runed door.
  9980 | D:10     | Noticed Think's ghost (novice GnMo)
 10055 | D:10     | Killed from afar by Think's ghost

Vault maps used:
D:1:      dpeg_arrival_long_road, minmay_tromino_v4_a
D:3:      minitemple, first_ration
D:4:      chequers_temple_overflow_minitemple, uniq_ijyb,
          uniq_crazy_yiuf_cottage, uniq_blork_the_orc
D:5:      basic_altar
D:6:      lemuel_zombie_altar_kikubaaqudgha, minmay_temple_entry_antechambers,
          uniq_grinder, uniq_edmund
D:7:      elyvilon_altar_4, uniq_menkaure
D:8:      doesnt_xom_only_xom
D:9:      due_lair_maze_entry_diamond, serial_shops, shop, fountainhead
D:10:     serial_bayou, serial_bayou_pond_b, serial_bayou_ford_a,
          serial_bayou_pond_b, serial_bayou_shore_b, serial_shops,
          nicolae_shop_crystal, kennysheep_mini_moat, nicolae_shop_stone,
          ebering_ghost_disaster_area, hangedman_stone_soup

Skill      XL: |  1  2  3  4  5  6  7  8  9 10 11 |
---------------+----------------------------------+-----
Shields        | 4 5 7 9 |  9.0
Axes           | 3 4 5 7 8 10 12 | 12.4
Fighting       | 4 5 6 8 |  8.4
Armour         | 4 5 |  5.6
Evocations     | 5 |  5.6
Invocations    | 3 6 |  6.9
Dodging        | 1 |  1.7

Action                   |  1- 3 |  4- 6 |  7- 9 | 10-12 || total
-------------------------+-------+-------+-------+-------++-------
Melee: War axe           |   126 |   208 |    30 |       ||   364
       Battleaxe         |       |       |   322 |   316 ||   638
Invok: Line Pass         |       |       |     1 |     1 ||     2
       Stomp             |       |       |     1 |     1 ||     2
 Abil: Dig               |       |       |     2 |       ||     2
  Use: Scroll            |       |    10 |     8 |     3 ||    21
       Potion            |       |       |     1 |     7 ||     8
 Stab: Paralysed         |       |     1 |    13 |    23 ||    37
  Eat: Chunk             |       |     8 |    13 |     9 ||    30
       Ration            |       |       |       |     2 ||     2
Armor: Scale mail        |    19 |       |       |       ||    19
       Chain mail        |    44 |   122 |   178 |   131 ||   475
       Plate armour      |       |       |       |    55 ||    55
Dodge: Dodged            |    43 |    69 |   127 |   116 ||   355
Block: Shield            |    70 |   129 |   247 |   220 ||   666

Table legend:
 A = Non-vault XP
 B = Vault XP
 C = Vault XP percentage of total XP
 D = Non-vault monster count
 E = Vault monster count
 F = Vault count percentage of total count
                 A         B        C        D         E       F
            +---------+---------+-------+---------+---------+-------
      Total |   11461 |    4599 |  28.6 |     280 |      34 |  10.8
            +---------+---------+-------+---------+---------+-------
        D:1 |      50 |       4 |   7.4 |      31 |       3 |   8.8
        D:2 |      60 |       0 |   0.0 |      24 |       0 |   0.0
        D:3 |      61 |       0 |   0.0 |      20 |       0 |   0.0
        D:4 |     420 |     175 |  29.4 |      25 |       3 |  10.7
        D:5 |     754 |       0 |   0.0 |      36 |       0 |   0.0
        D:6 |     964 |     441 |  31.4 |      29 |       8 |  21.6
        D:7 |     779 |     172 |  18.1 |      28 |       1 |   3.4
        D:8 |     577 |       0 |   0.0 |      10 |       0 |   0.0
        D:9 |    3696 |    2010 |  35.2 |      45 |      10 |  18.2
       D:10 |    4100 |    1797 |  30.5 |      32 |       9 |  22.0
            +---------+---------+-------+---------+---------+-------
